AoeStats
← Jafarr

Arena

509812645Analyzed
4v4 RM · 5d ago on Sep 28, 2026· 46m 10s· 8 players
Game mode
Random Map
Map size
Large (8 player)
Population
200
Speed
Normal
Resources
Standard
Victory
Conquest
Starting age
Dark Age
Ending age
Imperial Age
RankedLock teamsTeams togetherTeam positionsShared explorationLock speedFull tech treeHidden civsTurbo modeCheats
Victory
Defeat
🇺🇸 Varangians · United States
1358
+8
🇲🇽 Cumans · Mexico
1251
+12
🇳🇿 Persians · New Zealand
1171
+14
🇨🇳 Mongols · China
1149
+15
1183
-14
🇲🇽 Bohemians · Mexico
1155
-12
🇲🇽 Franks · Mexico
1135
-12
🇲🇽 Khmer · Mexico
1127
-11
Jafarr
11:15 Feudal Age
15:00 Castle Age
12:54 Double-Bit Axe
13:08 Horse Collar
15:04 Light Cavalry
15:47 Husbandry
16:01 Bow Saw
16:32 Bow Saw
23:44 Wheelbarrow
23:36 Gold Mining
23:37 Stone Mining
23:34 Loom
24:51 Hand Cart
25:21 Stone Shaft Mining
29:57 Imperial Age
27:44 Hand Cart
27:52 Scale Barding Armor
27:59 Forging
28:32 Bloodlines
28:56 Heavy Plow
29:36 Chain Barding Armor
29:03 Town Watch
30:43 Iron Casting
30:54 Pikeman
32:58 Blast Furnace
32:08 Squires
32:09 Scale Mail Armor
31:37 Halberdier
33:14 Plate Barding Armor
35:03 Conscription
35:01 Elite Jarl
36:24 Chain Mail Armor
38:09 Town Patrol
39:21 Ballistics
40:02 Chemistry
39:33 Plate Mail Armor
man_mel49
9:14 Feudal Age
9:45 Double-Bit Axe
17:30 Wheelbarrow
23:01 Castle Age
20:48 Loom
24:36 Bow Saw
24:05 Capped Ram
25:21 Forging
25:35 Hand Cart
26:04 Bloodlines
26:15 Bloodlines
26:12 Scale Barding Armor
27:09 Horse Collar
27:24 Gold Mining
27:25 Stone Mining
28:28 Pikeman
32:42 Imperial Age
30:57 Gold Shaft Mining
33:10 Squires
33:46 Iron Casting
34:23 Caravan
33:53 Halberdier
35:15 Chain Barding Armor
35:15 Siege Ram
37:12 Blast Furnace
37:11 Coinage
37:02 Scale Mail Armor
37:38 Elite Steppe Lancer
40:44 Masonry
40:40 Cuman Mercenaries
40:43 Steppe Husbandry
42:10 Chain Mail Armor
44:00 Onager
45:45 Chemistry
45:21 Plate Mail Armor
45:41 Conscription
搞就完了
10:31 Feudal Age
16:20 Castle Age
14:38 Double-Bit Axe
15:04 Horse Collar
15:42 Stone Mining
15:44 Gold Mining
16:15 Fletching
16:25 Padded Archer Armor
16:39 Padded Archer Armor
17:36 Bodkin Arrow
18:50 Heavy Plow
20:44 Leather Archer Armor
23:51 Gold Shaft Mining
25:32 Husbandry
26:18 Bloodlines
27:34 Ballistics
28:47 Bow Saw
30:55 Thumb Ring
35:46 Imperial Age
35:16 Stone Shaft Mining
35:50 Wheelbarrow
36:41 Bracer
37:55 Chemistry
38:16 Parthian Tactics
42:14 Conscription
41:45 Elite Mangudai
43:37 Hand Cart
scrawnny12
10:46 Feudal Age
10:53 Feudal Age
11:59 Double-Bit Axe
14:49 Castle Age
12:40 Horse Collar
16:02 Bow Saw
19:19 Heavy Plow
21:07 Wheelbarrow
21:20 Gold Mining
22:27 Hand Cart
24:08 Gold Shaft Mining
28:33 Imperial Age
27:41 Scale Barding Armor
27:46 Forging
27:31 Stone Mining
28:12 Bloodlines
28:19 Husbandry
28:42 Chain Barding Armor
28:16 Cavalier
29:47 Iron Casting
30:13 Stone Shaft Mining
29:36 Loom
31:13 Chemistry
29:53 Savar
31:31 Plate Barding Armor
31:26 Conscription
31:34 Ballistics
32:28 Blast Furnace
35:37 Fletching
39:04 Crop Rotation
42:37 Heavy Camel Rider
Picador Criminal Mutilador
4:51 Loom
10:02 Feudal Age
14:32 Castle Age
13:05 Double-Bit Axe
13:10 Horse Collar
19:24 Wheelbarrow
27:34 Hand Cart
27:07 Town Watch
30:35 Imperial Age
28:16 Husbandry
28:27 Forging
28:22 Scale Barding Armor
28:49 Heavy Plow
29:52 Double-Bit Axe
30:18 Gold Mining
30:19 Stone Mining
31:06 Iron Casting
30:51 Chain Barding Armor
30:44 Bloodlines
30:46 Masonry
30:50 Town Patrol
32:08 Conscription
32:26 Gold Shaft Mining
33:12 Blast Furnace
32:20 Elite War Elephant
33:54 Plate Barding Armor
35:36 Ballistics
37:00 Stone Shaft Mining
36:57 Crop Rotation
37:20 Fletching
37:33 Scale Mail Armor
37:33 Padded Archer Armor
38:02 Bow Saw
40:07 Hoardings
39:33 Kamandaran
40:29 Bodkin Arrow
42:41 Leather Archer Armor
42:41 Chain Mail Armor
Kuriboh
0:37 Loom
11:24 Feudal Age
11:51 Man-at-Arms
12:44 Double-Bit Axe
12:46 Horse Collar
21:33 Castle Age
21:04 Scale Mail Armor
21:35 Fletching
23:26 Bow Saw
32:10 Imperial Age
29:45 Bodkin Arrow
Black Mamba
11:11 Feudal Age
18:22 Castle Age
16:54 Double-Bit Axe
20:42 Loom
21:31 Bow Saw
21:09 Horse Collar
26:22 Wheelbarrow
25:34 Town Watch
26:49 Ballistics
30:54 Imperial Age
29:02 Heavy Plow
31:02 Chemistry
30:08 Fletching
32:08 Conscription
34:14 Fortified Wall
36:03 Pikeman
37:07 Hand Cart
36:34 Halberdier
Pinhead Larry
0:27 Loom
11:26 Feudal Age
17:25 Castle Age
16:09 Double-Bit Axe
16:22 Stone Mining
16:23 Gold Mining
17:42 Scale Barding Armor
18:26 Husbandry
23:23 Forging
28:05 Fortified Wall
27:51 Murder Holes
28:17 Ballistics
29:14 Iron Casting
33:29 Bow Saw
33:16 Pikeman
33:57 Squires
33:43 Arson
34:11 Scale Mail Armor
34:02 Fletching
37:19 Imperial Age
35:30 Gambesons
36:03 Chain Mail Armor
36:48 Chain Barding Armor
37:28 Cavalier
39:10 Blast Furnace
39:37 Plate Barding Armor
40:17 Siege Engineers
40:23 Masonry
40:04 Heavy Scorpion
42:03 Wheelbarrow
41:13 Town Watch
42:38 Chemistry
Connection lost

Rejoining the realm…

Still unreachable

The connection could not be restored.

Session expired

The server has moved on; the page needs a fresh start.